Map: Ulrena

Players

Miltreta

  • Race: Terran Terran

A.I. 1 (Hard) - Winner!

  • Race: Protoss Protoss

VOD

Have the link to the VOD?

Description

Time

  • Played on: March 7, 2016, 9:23 p.m.
  • Length: 22:32
Show
View Real Time Build Order
Export as new Build Order

Miltreta Terran 

Build Orders: MMM Bio 

Get SALT Encoding   

  12  0:02  SCV  
  13  0:14  SCV  
  14  0:19  Supply Depot  
  14  0:29  SCV  
  15  0:41  SCV  
  16  0:45  Barracks  
  16  0:47  Refinery  
  16  0:57  SCV  
  17  1:09  SCV  
  18  1:21  SCV  
  19  1:25  Supply Depot  
  19  1:38  Refinery  
  19  1:43  Orbital Command  
  19  1:59  Marine  
  20  2:17  Marine  
  21  2:34  SCV, Command Center  
  21  2:35  Marine  
  23  2:46  SCV  
  23  2:49  Barracks  
  24  2:54  Engineering Bay  
  24  2:56  Supply Depot  
  24  2:58  SCV  
  25  3:04  Barracks Tech Lab  
  25  3:28  Marauder  
  25  3:29  Combat Shields  
  27  3:40  Factory  
  27  3:42  Barracks Tech Lab  
  27  3:49  Marauder  
  29  4:04  Marauder  
  31  4:10  Marine  
  32  4:22  SCV  
  33  4:25  Marauder  
  33  4:28  SCV, Marine  
  37  4:34  SCV  
  38  4:46  SCV, Factory Tech Lab, Marine  
  38  4:47  Marauder  
  38  4:48  Concussive Shells  
  42  5:03  SCV x2  
  42  5:04  Marauder  
  46  5:15  SCV  
  47  5:28  SCV  
  48  5:32  Stimpack  
  48  5:43  Planetary Fortress  
  48  6:05  Supply Depot  
  48  6:10  Supply Depot  
  48  6:17  Supply Depot  
  48  6:25  Starport  
  48  6:27  Marauder  
  48  6:28  Marauder  
  52  6:48  Marine  
  52  6:49  Marauder  
  52  6:51  Siege Tank  
  49  7:06  Marine  
  46  7:10  Marine  
  47  7:17  Medivac  
  49  7:23  Siege Tank  
  49  7:24  Marine  
  49  7:27  Marine  
  54  7:30  SCV  
  55  7:42  SCV, Marine  
  57  7:45  Marine  
  57  7:47  Medivac  
  60  7:55  SCV, Hellion  
  63  8:07  SCV  
  64  8:17  Medivac, Hellion  
  64  8:19  SCV  
  69  8:40  Armory  
  69  8:41  Terran Infantry Weapons Level 1  
  69  8:53  Marauder x2  
  73  8:55  Siege Tank  
  76  9:11  Command Center  
  76  9:13  Refinery  
  76  9:15  Marauder  
  78  9:17  Refinery  
  78  10:23  Marauder x2, Siege Tank  
  76  10:45  Marauder x2  
  73  10:55  Siege Tank  
  70  11:06  Marauder  
  72  11:27  Marauder  
  70  11:49  Marauder  
  72  12:09  Medivac  
  74  12:16  Marauder  
  74  12:17  Marauder  
  74  12:20  Siege Tank  
  81  12:31  Barracks  
  81  12:37  Barracks  
  81  12:38  Marauder x2  
  81  12:39  Medivac  
  87  12:51  Orbital Command  
  87  12:52  Siege Tank  
  90  12:59  Marauder  
  92  13:13  Supply Depot  
  92  13:17  Supply Depot  
  92  13:19  Marauder  
  89  13:21  Marauder  
  89  13:24  Thor  
  66  13:38  Barracks Tech Lab x2  
  66  13:40  Marauder  
  68  13:42  Marauder  
  70  14:01  Marauder  
  72  14:03  Marauder  
  72  14:07  Thor  
  80  14:23  Marauder  
  82  14:25  Marauder  
  84  14:44  Marauder  
  86  14:46  Marauder  
  86  14:50  Refinery, Thor  
  94  14:53  Refinery  
  94  15:06  Marauder  
  96  15:07  Marauder  
  98  15:24  Marauder x2  
  98  15:27  Marauder  
  104  15:29  Marauder  
  106  15:36  Medivac  
  108  15:53  Supply Depot  
  108  15:56  Supply Depot  
  108  15:59  Supply Depot  
  108  16:00  Supply Depot  
  108  16:09  Marauder x4  
  116  16:15  Thor  
  119  16:31  Marauder x4  
  125  16:51  Marine  
  125  16:52  Marauder x2, Marine  
  107  16:57  Thor  
  84  17:09  Marine x2  
  84  17:13  Marine x2  
  88  17:27  Marine x2  
  90  17:31  Marine x2  
  92  17:40  Siege Tank  
  95  17:45  Marine x2  
  95  17:48  Starport Reactor  
  95  17:49  Marine x2  
  99  18:03  Marine x2  
  101  18:06  Marine x2  
  103  18:13  Hellbat  
  105  18:21  Marine x2  
  105  18:24  Marine x2  
  109  18:34  Hellbat  
  109  18:38  Marine x2  
  113  18:42  Marine x2  
  115  18:56  Hellbat  
  48  20:37  Marine x2  
  48  20:38  Marine x2  
  52  20:51  Hellbat  
  52  20:55  Marine x4  
  58  21:12  Hellbat  
  58  21:13  Marine x4  
  58  21:17  Command Center, Liberator x2  
  64  21:31  Marine x4  
  68  21:33  Hellbat  
  76  21:48  Marine  
  76  21:49  Marine x3  
  80  21:55  Hellbat  
  82  22:06  Marine x2  
  82  22:07  Marine x2  
Show
View Real Time Build Order
Export as new Build Order

A.I. 1 (Hard) Protoss - Winner!

Build Orders: 1 Gate Expand 

Get SALT Encoding   

  12  0:01  Probe (Chrono Boost)  
  13  0:11  Probe (Chrono Boost)  
  14  0:20  Pylon  
  14  0:22  Probe (Chrono Boost)  
  15  0:38  Probe (Chrono Boost)  
  16  0:49  Probe (Chrono Boost)  
  17  0:51  Gateway  
  17  1:13  Nexus, Probe (Chrono Boost)  
  18  1:29  Pylon  
  18  1:33  Assimilator  
  18  1:35  Zealot  
  20  1:43  Cybernetics Core  
  20  1:45  Probe (Chrono Boost)  
  21  1:56  Probe (Chrono Boost)  
  22  2:07  Probe (Chrono Boost)  
  23  2:09  Gateway  
  23  2:15  Assimilator  
  23  2:16  Stalker  
  25  2:23  Pylon  
  25  2:24  Warp Gate  
  25  2:25  Probe (Chrono Boost)  
  26  2:36  Probe (Chrono Boost)  
  27  2:47  Assimilator  
  27  2:59  Robotics Facility  
  27  3:15  Assimilator  
  27  3:17  Probe (Chrono Boost)  
  28  3:21  Probe (Chrono Boost)  
  29  3:28  Probe (Chrono Boost)  
  30  3:36  Gateway  
  30  3:38  Probe (Chrono Boost)  
  32  3:41  Probe (Chrono Boost)  
  32  3:44  Zealot  
  34  4:00  Stalker  
  36  4:19  Immortal  
  36  4:22  Probe (Chrono Boost)  
  41  4:26  Probe (Chrono Boost)  
  42  4:32  Pylon  
  42  4:36  Probe (Chrono Boost)  
  44  4:38  Adept  
  44  4:39  Probe (Chrono Boost)  
  46  4:47  Probe (Chrono Boost)  
  46  4:51  Probe (Chrono Boost)  
  46  4:52  Forge  
  48  4:55  Immortal  
  52  5:02  Probe (Chrono Boost)  
  52  5:05  Probe (Chrono Boost)  
  54  5:13  Probe (Chrono Boost)  
  55  5:16  Probe (Chrono Boost)  
  55  5:17  Protoss Ground Weapons Level 1  
  56  5:22  Pylon  
  56  5:25  Probe (Chrono Boost)  
  56  5:27  Probe (Chrono Boost)  
  58  5:30  Zealot  
  61  5:36  Probe (Chrono Boost)  
  61  5:38  Probe (Chrono Boost)  
  62  5:46  Pylon  
  62  5:47  Probe (Chrono Boost)  
  62  5:48  Zealot  
  62  5:49  Probe (Chrono Boost)  
  66  5:58  Probe (Chrono Boost)  
  67  6:05  Stalker  
  67  6:06  Probe (Chrono Boost)  
  67  6:09  Pylon  
  67  6:10  Probe (Chrono Boost)  
  71  6:17  Probe (Chrono Boost)  
  72  6:22  Stalker  
  74  6:29  Probe (Chrono Boost)  
  74  6:30  Probe (Chrono Boost)  
  76  6:32  Pylon  
  76  6:39  Sentry  
  79  6:40  Probe (Chrono Boost)  
  79  6:41  Probe (Chrono Boost)  
  79  6:46  Photon Cannon  
  80  6:49  Observer  
  80  6:52  Photon Cannon  
  79  6:56  Pylon, Adept  
  79  6:59  Protoss Ground Armor Level 1  
  77  7:05  Pylon  
  77  7:09  Observer, Pylon  
  77  7:13  Zealot  
  77  7:14  Stargate  
  80  7:20  Twilight Council  
  80  7:24  Forge  
  80  7:30  Photon Cannon  
  80  7:31  Zealot  
  80  7:35  Photon Cannon  
  82  7:39  Photon Cannon  
  82  7:48  Zealot  
  84  8:00  Immortal  
  88  8:34  Immortal  
  92  9:14  Protoss Ground Armor Level 2  
  92  9:15  Protoss Air Weapons Level 1, Protoss Ground Weapons Level 2  
  92  9:16  Warp Prism  
  92  9:19  Stalker  
  92  9:23  Gateway  
  96  9:27  Nexus, Robotics Bay  
  96  9:28  Stalker  
  98  9:32  Robotics Facility  
  98  9:36  Stalker  
  98  9:37  Stargate  
  94  9:41  Fleet Beacon  
  94  9:43  Pylon  
  94  9:45  Templar Archives  
  94  9:50  Warp Prism, Stalker  
  98  9:58  Stalker  
  100  10:03  Blink  
  100  10:04  Pylon  
  100  10:13  Observer Gravitic Boosters  
  100  10:17  Disruptor  
  103  10:22  Carrier, Dark Shrine  
  103  10:25  Warp Prism  
  111  10:40  Probe (Chrono Boost)  
  110  10:42  Probe (Chrono Boost)  
  110  10:44  Sentry, Probe (Chrono Boost)  
  110  10:47  Assimilator  
  98  10:52  Observer, Probe (Chrono Boost)  
  98  10:53  Pylon, Stalker  
  98  10:54  Probe (Chrono Boost)  
  98  10:56  Probe (Chrono Boost)  
  90  10:57  Pylon  
  90  11:00  Assimilator  
  90  11:01  Protoss Air Armor Level 1  
  90  11:02  Zealot  
  84  11:08  Gravitic Drive  
  84  11:10  Stalker  
  86  11:19  Stalker  
  86  11:20  Probe (Chrono Boost), Protoss Shields Level 1  
  86  11:25  Probe (Chrono Boost)  
  90  11:26  Photon Cannon  
  90  11:28  Stalker  
  90  11:30  Photon Cannon  
  92  11:33  Immortal  
  94  11:45  Stalker  
  96  11:52  Immortal  
  100  12:01  Nexus  
  100  12:02  Zealot  
  100  12:07  Disruptor  
  105  13:00  Protoss Ground Armor Level 3, Protoss Ground Weapons Level 3  
  105  13:04  Protoss Air Weapons Level 2  
  105  13:11  Graviton Catapult  
  105  13:13  Zealot  
  105  13:16  Adept  
  105  13:19  Zealot  
  101  13:22  Immortal, Zealot  
  101  13:23  Assimilator  
  101  13:25  Pylon  
  95  13:27  Pylon  
  95  13:28  Assimilator  
  95  13:32  Stalker  
  97  13:35  Stalker  
  97  13:37  Immortal  
  97  13:41  Zealot  
  105  13:44  Stalker  
  107  13:53  Zealot  
  107  13:54  Photon Cannon  
  109  13:59  Immortal, Adept  
  109  14:00  Photon Cannon  
  109  14:02  Sentry  
  117  14:07  Stalker  
  119  14:14  Sentry  
  121  15:05  Protoss Air Armor Level 2  
  121  15:19  Protoss Shields Level 2  
  121  15:57  Void Ray  
  121  16:04  Void Ray  
  129  16:15  Zealot  
  123  16:19  Adept  
  123  16:22  Zealot  
  120  16:26  Zealot  
  122  16:33  Nexus  
  122  16:35  Sentry, Void Ray  
  124  16:42  Zealot  
  130  16:50  Zealot  
  130  17:01  Protoss Air Weapons Level 3  
  130  17:18  Protoss Shields Level 3  
  130  17:59  Assimilator  
  130  18:00  Pylon  
  130  18:04  Pylon  
  130  18:06  Assimilator  
  130  18:26  Photon Cannon  
  130  18:28  Photon Cannon  
  130  19:10  Stalker  
  130  19:20  Protoss Air Armor Level 3  
  130  20:03  Zealot  
  130  20:06  Adept  
  120  20:10  Zealot  
  120  20:14  Zealot  
  124  20:21  Adept  
  116  20:24  Stalker  
  114  20:29  Sentry  
  114  20:32  Stalker  
  118  20:39  Stalker  
  120  20:45  Zealot  
  122  20:50  Zealot  
  122  20:53  Nexus, Stalker  
  126  21:48  Oracle  
  126  21:52  High Templar  
  131  21:58  High Templar  
  133  22:05  High Templar  
  135  22:12  Assimilator  
  135  22:15  Pylon  
  130  22:17  Pylon  
  130  22:19  Assimilator  
  132  22:25  Zealot  
  132  22:26  Archon  
Tags
 
Composition
MMM Bio
Matchup
PvT
Add a new tag
Caveats
  • Supply blocks, unpowered buildings, or Contaminate may cause inaccurate times.
  • Supply counts are checked every 10 seconds.